[Event "N�-LL 2009/10"]
[Site "?"]
[Date "2010.01.10"]
[Round "7"]
[White "Vyskocil, Neklan"]
[Black "Rumpl, Erwin"]
[Result "1-0"]
[ECO "D03"]
[WhiteElo "2357"]
[BlackElo "2304"]
[Annotator "Amstetten:Zwettl"]
[PlyCount "81"]
[EventDate "2010.??.??"]
[TimeControl "180"]

1. d4 d5 2. Nf3 Nf6 3. Bg5 c6 4. Nbd2 Bf5 5. e3 Nbd7 6. Be2 h6 7. Bf4 e6 8. O-O
Be7 9. Ne5 O-O 10. c4 Nxe5 11. Bxe5 Ne4 12. Nxe4 Bxe4 13. c5 b6 14. Ba6 Qd7 15.
b4 bxc5 16. bxc5 f6 17. Bg3 e5 18. Qc1 Rfe8 19. Qc3 Bf8 20. Rac1 Qc7 21. Rfe1
Bf5 22. f3 Qe7 23. Re2 Bc8 24. Bd3 e4 25. fxe4 dxe4 26. Bc4+ Be6 27. Rb2 Rad8
28. Rcb1 Qf7 29. Rb7 Re7 30. Bxe6 Qxe6 31. Qb3 Kf7 32. Qa4 Rdd7 33. Rb8 Re8 34.
Rxe8 Kxe8 35. Qa6 Kf7 36. h3 g5 37. Rb8 Be7 38. Rc8 f5 39. Rxc6 Qd5 40. Rxh6
Bf8 41. Qg6+ 1-0

[Event "N�-LL 2009/10"]
[Site "?"]
[Date "2010.01.10"]
[Round "7"]
[White "Sandh�fner, Florian"]
[Black "Janetschek, Karl"]
[Result "1/2-1/2"]
[ECO "C45"]
[WhiteElo "2213"]
[BlackElo "2250"]
[Annotator "Amstetten:Zwettl"]
[PlyCount "69"]
[EventDate "2010.??.??"]
[TimeControl "180"]

1. e4 e5 2. Nf3 Nc6 3. d4 exd4 4. Nxd4 Bc5 5. Be3 Qf6 6. c3 Nge7 7. Bc4 O-O 8.
O-O Qg6 9. Nxc6 Qxc6 10. Bxc5 Qxc5 11. Qd3 d6 12. Nd2 Nc6 13. Nb3 Qb6 14. Qg3
a5 15. Rab1 a4 16. Nd2 Ne5 17. Kh1 Nxc4 18. Nxc4 Qc6 19. Nd2 Be6 20. b3 axb3
21. axb3 Ra2 22. Qe3 f5 23. exf5 Bxf5 24. Ra1 Qa6 25. Rxa2 Qxa2 26. c4 Qb2 27.
f3 h6 28. h3 Ra8 29. Rf2 Ra2 30. Kh2 Qc1 31. f4 Bd7 32. f5 Bxf5 33. Qe8+ Kh7
34. Ne4 Rxf2 35. Nf6+ 1/2-1/2

[Event "N�-LL 2009/10"]
[Site "?"]
[Date "2010.01.10"]
[Round "7"]
[White "Vykydal, Frantisek"]
[Black "Gugler, Edgar"]
[Result "1/2-1/2"]
[ECO "B10"]
[WhiteElo "2213"]
[BlackElo "2139"]
[Annotator "Amstetten:Zwettl"]
[PlyCount "22"]
[EventDate "2010.??.??"]
[TimeControl "180"]

1. e4 c6 2. d3 g6 3. g3 Bg7 4. Bg2 d5 5. Nd2 Nf6 6. Ne2 O-O 7. O-O e5 8. a4 a5
9. b3 Na6 10. Bb2 Re8 11. h3 Qc7 1/2-1/2

[Event "N�-LL 2009/10"]
[Site "?"]
[Date "2010.01.10"]
[Round "7"]
[White "Wadsack, Wolfgang"]
[Black "Wagner, Stefan"]
[Result "1/2-1/2"]
[ECO "C47"]
[WhiteElo "2185"]
[BlackElo "2082"]
[Annotator "Amstetten:Zwettl"]
[PlyCount "103"]
[EventDate "2010.??.??"]
[TimeControl "180"]

1. e4 e5 2. Nc3 Nc6 3. Nf3 Nf6 4. d4 exd4 5. Nxd4 Bb4 6. Nxc6 bxc6 7. Bd3 d5 8.
exd5 cxd5 9. O-O O-O 10. Bg5 c6 11. Qf3 h6 12. Bxf6 Qxf6 13. Qxf6 gxf6 14. Ne2
Bd6 15. Nd4 c5 16. Nf5 Bxf5 17. Bxf5 Rfe8 18. Rad1 Rad8 19. g4 Be5 20. c3 Bf4
21. Kg2 d4 22. cxd4 cxd4 23. Kf3 Bc7 24. Rd3 Bb6 25. b4 Re5 26. Rc1 Rb5 27. Rc4
Rbd5 28. a4 a5 29. Rc6 R5d6 30. b5 Kg7 31. Rd1 Kf8 32. Ke4 Ke7 33. Kd3 Rxc6 34.
bxc6 Rd5 35. Rb1 Bc7 36. Rb7 Kd6 37. Bd7 Rc5 38. Kxd4 Rc2 39. f4 Ra2 40. Ke4
Rxa4+ 41. Kf5 Rc4 42. Be8 Rd4 43. Ra7 Rb4 44. h4 Rd4 45. g5 fxg5 46. hxg5 hxg5
47. fxg5 Rd5+ 48. Kg4 a4 49. Bxf7 Ra5 50. Rxa5 Bxa5 51. g6 Bc3 52. Kf5 1/2-1/2

[Event "N�-LL 2009/2010"]
[Site "?"]
[Date "2010.02.21"]
[Round "9"]
[White "Vykydal, Frantisek"]
[Black "Ried, Florian"]
[Result "1-0"]
[ECO "B26"]
[WhiteElo "2213"]
[BlackElo "2044"]
[Annotator "Stockerau : Zwettl"]
[PlyCount "65"]
[EventDate "2010.??.??"]
[TimeControl "240+2"]

1. e4 c5 2. Nc3 Nc6 3. g3 d6 4. Bg2 g6 5. d3 Bg7 6. Be3 e6 7.
Qd2 Nd4 8. Nd1 Ne7 9. c3 Ndc6 10. Ne2 h6 11. b3 b6 12. O-O Bb7 13. d4 Qd7 14.
f4 f5 15. dxc5 dxc5 16. Qxd7+ Kxd7 17. Nf2 Rad8 18. Rad1+ Kc7 19. Bc1 Ba6 20.
Rfe1 Rxd1 21. Nxd1 Rd8 22. Ne3 Bd3 23. exf5 gxf5 24. Kf2 e5 25. fxe5 Bxe2 26.
Bxc6 Nxc6 27. Kxe2 Re8 28. Nxf5 Bxe5 29. Kf3 Rf8 30. g4 h5 31. Bf4 hxg4+ 32.
Kxg4 Bxf4 33. Kxf4 1-0

[Event "N�-LL 2009/10"]
[Site "?"]
[Date "2010.02.21"]
[Round "9"]
[White "Batyte, Daiva"]
[Black "Janetschek, Karl"]
[Result "1-0"]
[ECO "A36"]
[WhiteElo "2128"]
[BlackElo "2250"]
[Annotator "Stockerau : Zwettl"]
[PlyCount "69"]
[EventDate "2010.??.??"]
[TimeControl "240+2"]

1. Nf3 c5 2. c4 g6 3. g3 Bg7 4. Bg2 Nc6 5. Nc3 e6 6. e4 Nge7 7. O-O O-O 8. d3
d6 9. Be3 Nd4 10. Bxd4 cxd4 11. Ne2 e5 12. Nd2 f5 13. Kh1 Kh8 14. exf5 gxf5 15.
f4 Ng8 16. Rc1 Nf6 17. h3 Qe7 18. Re1 Be6 19. Nf3 Nh5 20. Kh2 Bf6 21. Rg1 Rg8
22. Qe1 Rg6 23. c5 dxc5 24. Nxe5 Bxe5 25. fxe5 Bf7 26. Bf3 Rb6 27. b3 Re8 28.
Bxh5 Bxh5 29. Nf4 Bf7 30. e6 Bxe6 31. Qe5+ Qg7 32. Qxc5 Rc6 33. Qb5 a6 34. Qb4
Rec8 35. Nxe6 1-0

[Event "N�-LL 2009/!0"]
[Site "?"]
[Date "2010.02.21"]
[Round "9"]
[White "Schmid, Thomas"]
[Black "Pisk, Petr"]
[Result "1/2-1/2"]
[ECO "B52"]
[WhiteElo "2196"]
[BlackElo "2327"]
[Annotator "Stockerau : Zwettl"]
[PlyCount "86"]
[EventDate "2010.??.??"]
[TimeControl "240+2"]

1. e4 c5 2. Nf3 d6 3. Bb5+ Bd7 4. Bxd7+ Nxd7 5. O-O Ngf6 6. Qe2 e6 7. b3 Be7 8.
Bb2 O-O 9. c4 a6 10. d4 cxd4 11. Nxd4 Qa5 12. Nc3 Rac8 13. Rac1 Qh5 14. Qxh5
Nxh5 15. g3 Nhf6 16. Rcd1 Nc5 17. Rfe1 h5 18. f4 Rfd8 19. Rd2 Bf8 20. Nf3 e5
21. Ng5 Re8 22. Kf2 Be7 23. Kf3 Rb8 24. Nd5 Nxd5 25. Rxd5 f6 26. Nh3 b5 27. Rc1
Rec8 28. Nf2 g5 29. Rdd1 a5 30. cxb5 Rxb5 31. Nd3 g4+ 32. Ke3 exf4+ 33. gxf4
Kf7 34. Nxc5 Rbxc5 35. Ba3 Rc2 36. Rxc2 Rxc2 37. Rd2 Rc3+ 38. Kd4 Rf3 39. f5 h4
40. Rg2 g3 41. hxg3 hxg3 42. Kd5 a4 43. Bc1 axb3 1/2-1/2

[Event "N�-LL 2009/10"]
[Site "?"]
[Date "2010.02.21"]
[Round "9"]
[White "Vyskocil, Neklan"]
[Black "Schirmbeck, Hannes"]
[Result "1-0"]
[ECO "D00"]
[WhiteElo "2357"]
[BlackElo "2177"]
[Annotator "Stockerau : Zwettl"]
[PlyCount "87"]
[EventDate "2010.??.??"]
[TimeControl "240+2"]

1. d4 Nf6 2. Bg5 d5 3. Bxf6 exf6 4. e3 c6 5. Nd2 Be7 6. Ne2 O-O 7. g3 Re8 8.
Bg2 Bg4 9. O-O Nd7 10. Nf3 Nf8 11. h3 Bf5 12. Nd2 Bd6 13. c4 dxc4 14. Nxc4 Bc7
15. Nc3 Qd7 16. Kh2 Rad8 17. b3 Ng6 18. Qh5 Bd3 19. Rfd1 Qf5 20. Qxf5 Bxf5 21.
d5 cxd5 22. Nxd5 Bb8 23. Na5 Rd7 24. Rd2 Nf8 25. Rad1 Rc8 26. Nb4 Rxd2 27. Rxd2
Be5 28. Bxb7 Rc7 29. Nd5 Bc3 30. Nxc3 Rxc3 31. Nc6 Bd7 32. Ne7+ Kh8 33. Bd5 g6
34. Bxf7 Rc7 35. Bc4 Kg7 36. Nd5 Rc5 37. Nf4 Bf5 38. g4 Be4 39. Rd8 Re5 40. Kg3
Re7 41. Rd6 Nd7 42. h4 Bb1 43. Ne6+ Kh8 44. Bb5 1-0

[Event "N�-LL 2009/10"]
[Site "?"]
[Date "2010.03.14"]
[Round "10"]
[White "Kleiser, Gregor"]
[Black "Sandh�fner, Florian"]
[Result "1-0"]
[ECO "D45"]
[WhiteElo "2248"]
[BlackElo "2213"]
[Annotator "Amstetten:Niederabsdorf"]
[PlyCount "144"]
[EventDate "2010.??.??"]
[TimeControl "120+2"]

1. d4 d5 2. c4 c6 3. Nc3 Nf6 4. e3 e6 5. Nf3 Nbd7 6. b3 Bb4 7. Bb2 Qa5 8. Qc2
Ne4 9. Rc1 Qxa2 10. Bd3 Bxc3+ 11. Bxc3 Qxc2 12. Rxc2 Nxc3 13. Rxc3 O-O 14. O-O
Re8 15. Ra1 dxc4 16. bxc4 e5 17. Bf1 exd4 18. exd4 Nf6 19. h3 Bf5 20. Rb3 Re7
21. Ra5 Be4 22. Nd2 Rd7 23. Nxe4 Nxe4 24. d5 cxd5 25. cxd5 Nd6 26. g4 a6 27. h4
Re8 28. Bh3 Re4 29. Kg2 Kf8 30. Rc3 Nb5 31. Rc5 Rd4 32. Rc8+ Ke7 33. Rh8 R7xd5
34. Rxh7 g6 35. Ra2 Nc3 36. Rc2 Rc5 37. h5 gxh5 38. gxh5 b5 39. Rh6 a5 40. Ra6
b4 41. h6 Rg5+ 42. Kf3 Rh4 43. Bf1 Rgh5 44. Rc1 Rxh6 45. Rxa5 Rf6+ 46. Ke3 Re4+
47. Kd3 Rxf2 48. Ra7+ Kf6 49. Rxc3 bxc3 50. Kxe4 Rxf1 51. Kd3 Rf3+ 52. Ke4 c2
53. Rc7 Rf2 54. Ke3 Rh2 55. Ke4 Kg5 56. Rc5+ Kg4 57. Rc8 f5+ 58. Kd3 f4 59.
Rg8+ Kf3 60. Rc8 Re2 61. Rc4 Re8 62. Kxc2 Rd8 63. Rc7 Kf2 64. Rg7 f3 65. Rf7
Ke2 66. Re7+ Kf1 67. Rf7 f2 68. Rg7 Rd5 69. Rg8 Ke2 70. Re8+ Kf3 71. Rf8+ Ke3
72. Kc1 Rd4 1-0

[Event "N�-LL 2009/10"]
[Site "?"]
[Date "2010.03.14"]
[Round "10"]
[White "Rumpl, Erwin"]
[Black "P�tz, Florian"]
[Result "1/2-1/2"]
[ECO "D11"]
[WhiteElo "2304"]
[BlackElo "2333"]
[Annotator "Amstetten:Niederabsdorf"]
[PlyCount "125"]
[EventDate "2010.??.??"]
[TimeControl "120+2"]

1. c4 c6 2. Nf3 d5 3. d4 Nf6 4. e3 Bg4 5. h3 Bxf3 6. Qxf3 e6 7. Bd3 Nbd7 8.
cxd5 exd5 9. Nc3 Bd6 10. O-O O-O 11. e4 dxe4 12. Nxe4 Nxe4 13. Qxe4 g6 14. Rd1
Re8 15. Qf3 Qf6 16. Qg4 Nb6 17. Bg5 Qe6 18. Qf3 Qd5 19. Qxd5 Nxd5 20. Bc4 Kg7
21. Rd3 Nb6 22. Bb3 Be7 23. Be3 Red8 24. d5 Nxd5 25. Bxd5 Rxd5 26. Rxd5 cxd5
27. Rd1 Bf6 28. Rxd5 a6 29. Rd7 b5 30. b3 h5 31. g4 hxg4 32. hxg4 Rd8 33. Ra7
Rd6 34. Kg2 Bd4 35. Bxd4+ Rxd4 36. Kg3 Rd6 37. g5 Re6 38. f4 Rc6 39. Kf3 Re6
40. Kg4 Rd6 41. Kf3 Re6 42. a4 bxa4 43. bxa4 Kf8 44. a5 Ke8 45. Kg4 Rc6 46. Kf3
Re6 47. Rb7 Rc6 48. Ra7 Re6 49. Rc7 Re7 50. Rc6 Re6 51. Rc7 Re7 52. Rc8+ Kd7
53. Ra8 Re6 54. f5 gxf5 55. Kf4 Rc6 56. Kxf5 Ke7 57. Kg4 Rd6 58. Kh5 Rc6 59.
Kg4 Rd6 60. Kh5 Rc6 61. Kg4 Rd6 62. Kh5 Rc6 63. Kg4 1/2-1/2

[Event "N�-LL 2009/10"]
[Site "?"]
[Date "2010.03.14"]
[Round "10"]
[White "Wadsack, Winfried"]
[Black "Wiedermann, Daniel"]
[Result "1/2-1/2"]
[ECO "B22"]
[WhiteElo "2113"]
[BlackElo "2116"]
[Annotator "Amstetten:Niederabsdorf"]
[PlyCount "32"]
[EventDate "2010.??.??"]
[TimeControl "120+2"]

1. e4 c5 2. c3 d5 3. exd5 Qxd5 4. d4 g6 5. Nf3 Bg7 6. Be3 cxd4 7. cxd4 Qa5+ 8.
Nc3 Nh6 9. Bb5+ Bd7 10. Qb3 Bxb5 11. Qxb5+ Qxb5 12. Nxb5 Na6 13. O-O O-O 14.
Rac1 Nf5 15. a3 Rfd8 16. g4 Nd6 1/2-1/2